 Dungeon Crawl Stone Soup version 0.27-a0-1202-ge72e49191c (webtiles) character file.

Game seed: 17262956951453904929

284 robertstho the Stinger (level 6, -23/51 HPs)
             Began as a Naga Venom Mage on June 2, 2021.
             Annihilated by an ogre
             ... wielding a +0 giant club
              (29 damage)
             ... on level 5 of the Dungeon.
             The game lasted 00:10:29 (4874 turns).

robertstho the Stinger (Naga Venom Mage)            Turns: 4874, Time: 00:10:30

Health: -23/51     AC:  8    Str: 11    XL:     6   Next: 29%
Magic:  3/10       EV: 10    Int: 17    God:
Gold:   223        SH:  0    Dex: 11    Spells: 4/11 levels left

rFire    . . .     SeeInvis +   b - +1 dagger
rCold    . . .     Faith    .   (no shield)
rNeg     . . .     Spirit   .   a - +1 robe
rPois    +         Reflect  .   t - +1 helmet
rElec    .         Harm     .   l - +0 cloak
rCorr    .         Rampage  .   h - +0 pair of gloves
Will     .....                  (no barding)
Stlth    +++.......             (no amulet)
HPRegen  0.17/turn              (no ring)
MPRegen  0.12/turn              (no ring)

@: very slow
A: AC +2, large, see invisible, deformed body, poison resistance, slowness 2,
spit poison 1, naga tail 1
a: Spit Poison


You were on level 5 of the Dungeon.
You visited 1 branch of the dungeon, and saw 5 of its levels.

You collected 223 gold pieces.

Inventory:

Hand Weapons
 b - a +1 dagger (weapon)
 c - a +0 flail
Missiles
 k - 2 curare-tipped darts
Armour
 a - a +1 robe (worn)
 h - a +0 pair of gloves (worn)
 l - a +0 cloak (worn)
 t - a +1 helmet (worn)
Wands
 p - a wand of paralysis (6)
Scrolls
 g - a scroll of silence
 j - a scroll of blinking {unknown}
 m - a scroll of enchant weapon
 o - a scroll of noise {unknown}
 q - a scroll of magic mapping {unknown}
 r - a scroll of fog
 s - a scroll of summoning
Potions
 d - a potion of brilliance {unknown}
 e - a potion of haste {unknown}
 f - 3 potions of flight {unknown}
 i - a potion of might {unknown}
 n - a potion of curing {unknown}


   Skills:
 + Level 1.4 Fighting
 + Level 1.0 Short Blades
 + Level 2.1 Dodging
 * Level 5.0 Stealth
 * Level 3.1 Spellcasting
 * Level 2.1 Transmutations
 * Level 5.9 Poison Magic


You had 4 spell levels left.
You knew the following spells:

 Your Spells              Type           Power      Damage    Failure   Level
a - Sting                 Tmut/Pois      64%        1d6       3%          1
b - Poisonous Vapours     Pois/Air       24%        N/A       8%          2
c - Olgreb's Toxic Radia  Pois           22%        N/A       16%         4

Your spell library contained the following spells:

 Spells                   Type           Power      Damage    Failure   Level
 Corona                   Hex            2%         N/A       17%         1
 Magic Dart               Conj           8%         1d3       17%         1
 Ignite Poison            Fire/Tmut/Pois 11%        N/A       17%         3
 Mephitic Cloud           Conj/Pois/Air  9%         N/A       22%         3
 Searing Ray              Conj           4%         3d3       26%         2
 Slow                     Hex            2%         N/A       26%         2
 Dazzling Flash           Conj/Hex       4%         N/A       45%         3
 Inner Flame              Hex/Fire       2%         N/A       45%         3
 Portal Projectile        Hex/Tloc       4%         N/A       45%         3
 Cause Fear               Hex            1%         N/A       86%         4
 Fulminant Prism          Conj/Hex       1%         3d6       86%         4
 Iskenderun's Mystic Bla  Conj/Tloc      2%         2d3       86%         4
 Leda's Liquefaction      Hex/Erth       1%         N/A       86%         4


Dungeon Overview and Level Annotations

Branches:
Dungeon (5/15)
 Temple: D:4-7

Altars:


Innate Abilities, Weirdness & Mutations

Your serpentine skin is tough. (AC +2)
You have supernaturally acute eyesight. (SInv)
Armour fits poorly on your strangely shaped body.
Your system is resistant to poisons. (rPois)
You cover ground very slowly.
You can spit poison.
You have a snake-like lower body.


Message History

The kobold brigand barely misses you.
The ufetubus hits you but does no damage.
The ufetubus hits you.
Unknown command.
The ufetubus looks even sicker.
The kobold brigand looks even sicker.
You have got your breath back.
Your toxic aura wanes.
The ufetubus hits you but does no damage. x2
The ufetubus closely misses you. x2
The kobold brigand hits you but does no damage.
The ufetubus hits you but does no damage.
The ufetubus closely misses you. x3
You kill the ufetubus!
The kobold brigand misses you.
The kobold brigand hits you but does no damage.
Press: ? - help, Shift-Dir - straight line, f - ogre, p - kobold brigand
Aim: an ogre, wielding a +0 giant club The splash of poison hits the ogre.
The ogre is poisoned.
The ogre is lightly wounded.
The kobold brigand hits you with a +0 club.
Unknown command.
The kobold brigand hits you with a +0 club.
Casting: Olgreb's Toxic Radiance (quite dangerous; 16% risk of failure)
Confirm with . or Enter, or press ? or * to list all spells.
The spell is quite dangerous to cast (16% risk of failure)!
Continue anyway?
You begin to radiate toxic energy.
The ogre looks even sicker.
The kobold brigand looks even sicker.
The ogre looks even sicker.
The kobold brigand looks even sicker.
The ogre hits you with a +0 giant club!!
* * * LOW HITPOINT WARNING * * *
The kobold brigand hits you with a +0 club.
* * * LOW HITPOINT WARNING * * *
The ogre looks as sick as possible!
The kobold brigand looks as sick as possible!
Your toxic aura wanes.
You have got your breath back.
You kill the kobold brigand!
The ogre hits you with a +0 giant club!!
Ouch! That really hurt!
You die...

# ##...............
#..#...##†.....?....
....................
.....#..............
#...##.............
#.........#$#....
##......).# # .#
#....<...O##
#..........@#
##............#
#..#.........#
##.####.....## ##
#....## #..#..#
#####.. #


You could see an ogre (extremely poisoned).

Vanquished Creatures
  A kobold brigand (D:5)
  A scorpion (D:5)
  A centaur skeleton (D:3)
  Ijyb (D:4)
  An iguana (D:4)
  Robin (D:4)
  4 adders
  An ufetubus (D:5)
  2 worms
  A dart slug (D:1)
  3 orcs (D:3)
  3 endoplasms
  A giant cockroach (D:2)
  11 goblins
  8 hobgoblins
  11 jackals
  6 quokkas
  6 ball pythons
  3 bats
  6 frilled lizards
  7 kobolds
  6 rats
85 creatures vanquished.

Vanquished Creatures (others)
  9 plants
9 creatures vanquished.

Grand Total: 94 creatures vanquished

Notes
Turn   | Place    | Note
-------+----------+-------------------------------------------
     0 | D:1      | robertstho the Naga Venom Mage began the quest for the Orb.
     0 | D:1      | Reached XP level 1. HP: 15/15 MP: 3/3
   222 | D:1      | Reached XP level 2. HP: 12/22 MP: 0/5
  1401 | D:2      | Reached skill level 5 in Poison Magic
  1401 | D:2      | Reached XP level 3. HP: 26/28 MP: 3/6
  1979 | D:2      | Reached skill level 1 in Fighting
  2140 | D:2      | Reached XP level 4. HP: 38/38 MP: 7/7
  2931 | D:3      | Found a faded altar of an unknown god.
  2964 | D:3      | Noticed a kobold brigand
  3306 | D:3      | Reached XP level 5. HP: 36/44 MP: 6/8
  3562 | D:3      | Learned a level 2 spell: Poisonous Vapours
  3567 | D:3      | Learned a level 4 spell: Olgreb's Toxic Radiance
  3846 | D:4      | You fall into a shaft and drop 1 floor!
  3846 | D:5      | Entered Level 5 of the Dungeon
  3847 | D:5      | Noticed a gargoyle
  3847 | D:5      | Noticed an ogre
  3867 | D:4      | Noticed Ijyb
  3868 | D:4      | Paralysed by Ijyb for 2 turns
  3875 | D:4      | Paralysed by Ijyb for 3 turns
  3877 | D:4      | Killed Ijyb
  4082 | D:4      | Noticed Robin
  4093 | D:4      | Killed Robin
  4525 | D:4      | Reached XP level 6. HP: 43/51 MP: 8/10
  4863 | D:5      | Reached skill level 1 in Short Blades
  4863 | D:5      | Reached skill level 5 in Stealth
  4874 | D:5      | Annihilated by an ogre

Illustrated notes

Levels and vault maps discovered:
D:1:      roderic_crop_circles_arrival_small, layout_basic
D:2:      layout_basic, chequers_serial_rivers_large_a
D:3:      layout_basic, portal_sewer_entry_d, ebering_ecumenical_altar_abandoned
D:4:      cheibrodos_old_hovel, layout_basic, uniq_ijyb, uniq_robin
D:5:      layout_cave_pools, minmay_temple_entry_hall, uniq_crazy_yiuf_cottage,
          uniq_edmund

Skill      XL: |  1  2  3  4  5  6 |
---------------+-------------------+-----
Poison Magic   | 5 |  5.9
Fighting       | 1 |  1.4
Dodging        | 2 |  2.1
Stealth        | 4 5 |  5.0
Transmutations | 2 |  2.1
Short Blades   | 1 |  1.0
Spellcasting   | 3 |  3.1

Action                   |  1- 3 |  4- 6 || total
-------------------------+-------+-------++-------
Melee: Dagger            |    19 |    66 ||    85
 Cast: Sting             |    26 |    35 ||    61
       Olgreb's Toxic Ra |       |     3 ||     3
 Abil: Spit Poison       |    31 |    36 ||    67
Evoke: Wand              |       |     2 ||     2
  Use: Scroll            |       |     5 ||     5
 Stab: Paralysed         |       |     2 ||     2
Armor: Robe              |    10 |    39 ||    49
Dodge: Dodged            |    26 |    56 ||    82

Table legend: (Time is in decaauts)
 A = Elapsed time spent in this place.
 B = Non-inter-level travel time spent in this place.
 C = Inter-level travel time spent in this place.
 D = Time resting spent in this place.
 E = Time spent auto-exploring this place.
 F = Levels seen in this place.
 G = Mean time per level.
                   A        B        C        D        E       F      G
               +--------+--------+--------+--------+--------+-----+--------+
         Total |   6222 |   5918 |    304 |      5 |   5023 |   5 | 1244.4 |
       Dungeon |   6222 |   5918 |    304 |      5 |   5023 |   5 | 1244.4 |
               +--------+--------+--------+--------+--------+-----+--------+

Top non-repeatable levels by time:
     D:1: 1696 daAuts
     D:3: 1594 daAuts
     D:2: 1544 daAuts
     D:4: 1348 daAuts
     D:5: 37 daAuts
